[Event "GambitGuide"]
[Site "Internet Chess Club"]
[Date "2014.10.31"]
[Round "1"]
[White "JSBach"]
[Black "robbe"]
[Result "1-0"]
[ICCResult "Black resigns"]
[WhiteElo "1602"]
[BlackElo "1327"]
[Opening "Vienna: `Frankenstein-Dracula' variation"]
[ECO "C27"]
[NIC "VG.02"]
[Time "12:38:27"]
[TimeControl "120+12"]

1. e4 e5 2. Nc3 Nf6 3. Bc4 Nxe4 4. Qh5 Nd6 5. Bb3 Nc6 6. Nb5 g6 7. Qf3 f5 8.
Qd5 Qe7 9. Nxc7+ Kd8 10. Nxa8 b6 11. d3 Bb7 12. Nxb6 axb6 13. Qf3 Bg7 14.
Be3 Na5 15. Bxb6+ Ke8 16. Qg3 Nxb3 17. axb3 e4 18. d4 Nb5 19. Qb8+ Kf7 20.
Qxb7 e3 21. Qd5+ Kf8 22. Ra8+ {Black resigns} 1-0

[Event "GambitGuide"]
[Site "Internet Chess Club"]
[Date "2014.10.31"]
[Round "1"]
[White "JSBach"]
[Black "dbv"]
[Result "1-0"]
[ICCResult "Black checkmated"]
[WhiteElo "1602"]
[BlackElo "2019"]
[Opening "Vienna: `Frankenstein-Dracula' variation"]
[ECO "C27"]
[NIC "VG.02"]
[Time "12:38:14"]
[TimeControl "120+12"]

1. e4 e5 2. Nc3 Nf6 3. Bc4 Nxe4 4. Qh5 Nd6 5. Bb3 Nc6 6. Nb5 g6 7. Qf3 f5 8.
Qd5 Qe7 9. Nxc7+ Kd8 10. Nxa8 b6 11. d3 Bg7 12. Nh3 h6 13. Ba4 Bb7 14. Nxb6
axb6 15. Qb3 Kc7 16. O-O Qh4 17. Re1 Re8 18. Be3 Nd4 19. Qc3+ Kb8 20. Bxd7
Rd8 21. Ba4 b5 22. Bb3 Bxg2 23. Kxg2 Qg4+ 24. Kh1 Qxh3 25. Qa5 Rd7 26. Qb6+
Nb7 27. Bxd4 exd4 28. Re8+ Rd8 29. Rxd8# {Black checkmated} 1-0

[Event "GambitGuide"]
[Site "Internet Chess Club"]
[Date "2014.10.31"]
[Round "1"]
[White "JSBach"]
[Black "nsideurheadbro"]
[Result "1-0"]
[ICCResult "Black resigns"]
[WhiteElo "1602"]
[BlackElo "1184"]
[Opening "Vienna: `Frankenstein-Dracula' variation"]
[ECO "C27"]
[NIC "VG.02"]
[Time "12:36:57"]
[TimeControl "120+12"]

1. e4 e5 2. Nc3 Nf6 3. Bc4 Nxe4 4. Qh5 Nd6 5. Bb3 Nc6 6. Nb5 g6 7. Qf3 f5 8.
Qd5 Qe7 9. Nxc7+ Kd8 10. Nxa8 b6 11. d3 Bb7 12. Nxb6 axb6 13. Qf3 Nd4 14.
Qg3 f4 15. Qg4 Bh6 16. Ba4 e4 17. Qh3 exd3+ 18. Kf1 Bg5 19. Qxd3 N4f5 20.
Ne2 Be4 21. Qa6 Rf8 22. Qxb6+ Ke8 23. Nxf4 Ne3+ 24. fxe3 Bxg2+ 25. Kxg2 Qe4+
26. Kg1 Nf5 27. Qe6+ Qxe6 28. Nxe6 {Black resigns} 1-0

[Event "GambitGuide"]
[Site "Internet Chess Club"]
[Date "2014.10.31"]
[Round "1"]
[White "JSBach"]
[Black "dbv"]
[Result "1-0"]
[ICCResult "Black resigns"]
[WhiteElo "1602"]
[BlackElo "2019"]
[Opening "Vienna: `Frankenstein-Dracula' variation"]
[ECO "C27"]
[NIC "VG.02"]
[Time "12:39:55"]
[TimeControl "120+12"]

1. e4 e5 2. Nc3 Nf6 3. Bc4 Nxe4 4. Qh5 Nd6 5. Bb3 Nc6 6. Nb5 g6 7. Qf3 f5 8.
Qd5 Qe7 9. Nxc7+ Kd8 10. Nxa8 b6 11. d3 Bg7 12. Nh3 f4 13. Ba4 Bb7 14. Nxb6
axb6 15. Qb3 Kc7 16. O-O g5 17. Re1 g4 18. Nxf4 {Black resigns} 1-0

[Event "GambitGuide"]
[Site "Internet Chess Club"]
[Date "2014.10.31"]
[Round "1"]
[White "JSBach"]
[Black "robbe"]
[Result "1-0"]
[ICCResult "Black checkmated"]
[WhiteElo "1602"]
[BlackElo "1327"]
[Opening "Vienna: `Frankenstein-Dracula' variation"]
[ECO "C27"]
[NIC "VG.02"]
[Time "12:39:30"]
[TimeControl "120+12"]

1. e4 e5 2. Nc3 Nf6 3. Bc4 Nxe4 4. Qh5 Nd6 5. Bb3 Nc6 6. Nb5 g6 7. Qf3 f5 8.
Qd5 Qe7 9. Nxc7+ Kd8 10. Nxa8 b6 11. d3 Bb7 12. Nxb6 axb6 13. Qf3 Bg7 14.
Qh3 Re8 15. Qxh7 e4 16. d4 Nxd4 17. Qxg6 e3 18. fxe3 Nxb3 19. axb3 f4 20.
Kd1 Nb5 21. Qxb6+ Nc7 22. Ra7 fxe3 23. Rxb7 e2+ 24. Ke1 Qf7 25. Qxc7+ Ke7
26. Qxd7+ Kf8 27. Qxf7# {Black checkmated} 1-0

[Event "GambitGuide"]
[Site "Internet Chess Club"]
[Date "2014.10.31"]
[Round "1"]
[White "JSBach"]
[Black "lebko"]
[Result "1/2-1/2"]
[ICCResult "White stalemated"]
[WhiteElo "1602"]
[BlackElo "1864"]
[Opening "Vienna: `Frankenstein-Dracula' variation"]
[ECO "C27"]
[NIC "VG.02"]
[Time "12:37:58"]
[TimeControl "120+12"]

1. e4 e5 2. Nc3 Nf6 3. Bc4 Nxe4 4. Qh5 Nd6 5. Bb3 Nc6 6. Nb5 g6 7. Qf3 f5 8.
Qd5 Qe7 9. Nxc7+ Kd8 10. Nxa8 b6 11. d3 Bb7 12. Nxb6 axb6 13. Qf3 Nd4 14.
Qg3 Bg7 15. Bg5 Bf6 16. Bxf6 Qxf6 17. Ba4 g5 18. c3 Ne6 19. d4 f4 20. Qg4
exd4 21. O-O-O Ne4 22. Rxd4 N4c5 23. Rc4 h5 24. Qh3 g4 25. Rxf4 Qg5 26. Qe3
Qxf4 27. Qxf4 Nxf4 28. h3 Bxg2 29. Rh2 gxh3 30. Bb5 Nfd3+ 31. Kc2 Nxf2 32.
Nxh3 Be4+ 33. Kd2 Nxh3 34. Rxh3 h4 35. a3 Kc7 36. Ke3 Bc6 37. Bc4 Ne4 38.
Kd4 Ng5 39. Re3 h3 40. Rxh3 Rxh3 41. Ke5 Rh2 42. b3 Rc2 43. Kd4 Ne6+ 44. Kd3
Rf2 45. Ke3 Ra2 46. a4 Rb2 47. b4 Bxa4 48. Ke4 Bb3 49. Bb5 Rc2 50. Kd3 Rf2
51. Ke3 Rf6 52. Bd3 Kd6 53. Kd2 Nf4 54. c4 Nxd3 55. Kxd3 Rf4 56. Ke3 Rxc4
57. Kd2 Rxb4 58. Kc3 Rb5 59. Kd3 Kc5 60. Kd2 d5 61. Ke1 Bc4 62. Kd2 Rb2+ 63.
Kc3 Rb3+ 64. Kc2 Kb4 65. Kd2 Rd3+ 66. Ke2 Kc3 67. Kf2 b5 68. Ke2 b4 69. Kf2
b3 70. Kf1 b2 71. Ke1 Rd2 {White stalemated} 1/2-1/2

[Event "GambitGuide"]
[Site "Internet Chess Club"]
[Date "2014.10.31"]
[Round "1"]
[White "JSBach"]
[Black "BFavre"]
[Result "1/2-1/2"]
[ICCResult "Game drawn by repetition"]
[WhiteElo "1602"]
[BlackElo "1564"]
[Opening "Vienna: `Frankenstein-Dracula' variation"]
[ECO "C27"]
[NIC "VG.02"]
[Time "12:39:00"]
[TimeControl "120+12"]

1. e4 e5 2. Nc3 Nf6 3. Bc4 Nxe4 4. Qh5 Nd6 5. Bb3 Nc6 6. Nb5 g6 7. Qf3 f5 8.
Qd5 Qe7 9. Nxc7+ Kd8 10. Nxa8 b6 11. d3 Bb7 12. Nxb6 axb6 13. Qf3 Kc8 14.
Bd2 Nd4 15. Qh3 Nxb3 16. axb3 Bg7 17. Be3 Kc7 18. Nf3 f4 19. Bd2 Qe6 20.
Qxe6 dxe6 21. Ke2 Nf5 22. Ra7 Kb8 23. Rha1 Nd4+ 24. Nxd4 exd4 25. Bxf4+ e5
26. Bd2 Rc8 27. c4 dxc3 28. bxc3 Bf8 29. f4 Bd6 30. g3 exf4 31. gxf4 Re8+
32. Kf2 Rf8 33. Kg3 g5 34. R7a4 gxf4+ 35. Bxf4 Rg8+ 36. Kh4 Bxf4 37. Rxf4
Rg2 38. Rf8+ Kc7 39. Rf7+ Kb8 40. h3 Rd2 41. d4 Rd3 42. Rc1 Bc8 43. Kg5 Rxh3
44. Re7 Rg3+ 45. Kh6 Bf5 46. Kh5 Bg6+ 47. Kh4 Rg2 48. c4 Rb2 49. Rc3 Rd2 50.
d5 Rd4+ 51. Kg5 Kc8 52. Rf3 Kd8 53. Rb7 Kc8 54. Rxb6 Kc7 55. Rbf6 Rd1 56.
Rf1 Rd4 57. Kh6 Rd3 58. b4 Rd4 59. R6f4 Rd2 60. R1f2 Rd1 61. Rf1 Rd2 62.
R1f2 Rd1 63. Rf1 Rd2 {Game drawn by repetition} 1/2-1/2

[Event "GambitGuide"]
[Site "Internet Chess Club"]
[Date "2014.10.31"]
[Round "1"]
[White "JSBach"]
[Black "Pdforma"]
[Result "1-0"]
[ICCResult "Black resigns"]
[WhiteElo "1602"]
[BlackElo "1400"]
[Opening "Vienna: `Frankenstein-Dracula' variation"]
[ECO "C27"]
[NIC "VG.02"]
[Time "12:41:36"]
[TimeControl "120+12"]

1. e4 e5 2. Nc3 Nf6 3. Bc4 Nxe4 4. Qh5 Nd6 5. Bb3 Nc6 6. Nb5 g6 7. Qf3 f5 8.
Qd5 Qe7 9. Nxc7+ Kd8 10. Nxa8 b6 11. d3 Bb7 12. Nxb6 axb6 13. Qf3 Nb5 14.
Qd5 Nbd4 15. Nf3 Nxb3 16. Qxb3 Na5 17. Qxb6+ Ke8 18. Qxa5 {Black resigns}
1-0

[Event "GambitGuide"]
[Site "Internet Chess Club"]
[Date "2014.10.31"]
[Round "1"]
[White "JSBach"]
[Black "lebko"]
[Result "1-0"]
[ICCResult "Black resigns"]
[WhiteElo "1602"]
[BlackElo "1864"]
[Opening "Vienna: `Frankenstein-Dracula' variation"]
[ECO "C27"]
[NIC "VG.02"]
[Time "12:41:28"]
[TimeControl "120+12"]

1. e4 e5 2. Nc3 Nf6 3. Bc4 Nxe4 4. Qh5 Nd6 5. Bb3 Nc6 6. Nb5 g6 7. Qf3 f5 8.
Qd5 Qe7 9. Nxc7+ Kd8 10. Nxa8 b6 11. d3 Bb7 12. Nxb6 axb6 13. Qf3 Nd4 14.
Qg3 Bg7 15. Bg5 Bf6 16. Bxf6 Qxf6 17. Ba4 g5 18. c3 f4 19. Qg4 N4f5 20. Nf3
h6 21. Rg1 e4 22. dxe4 Bxe4 23. O-O-O Kc7 24. Rge1 Bc6 25. Bxc6 dxc6 26. Ne5
h5 27. Qf3 g4 28. Qxc6+ {Black resigns} 1-0

[Event "GambitGuide"]
[Site "Internet Chess Club"]
[Date "2014.10.31"]
[Round "1"]
[White "JSBach"]
[Black "nsideurheadbro"]
[Result "1-0"]
[ICCResult "Black resigns"]
[WhiteElo "1602"]
[BlackElo "1184"]
[Opening "Vienna: `Frankenstein-Dracula' variation"]
[ECO "C27"]
[NIC "VG.02"]
[Time "12:40:10"]
[TimeControl "120+12"]

1. e4 e5 2. Nc3 Nf6 3. Bc4 Nxe4 4. Qh5 Nd6 5. Bb3 Nc6 6. Nb5 g6 7. Qf3 f5 8.
Qd5 Qe7 9. Nxc7+ Kd8 10. Nxa8 b6 11. d3 Bb7 12. Nxb6 axb6 13. Qf3 f4 14. Bd2
Nd4 15. Qg4 e4 16. Kf1 e3 17. Bxe3 fxe3 18. Qxd4 exf2 19. Qxh8 fxg1=Q+ 20.
Rxg1 Nf5 21. Re1 Ne3+ 22. Rxe3 Qxe3 23. Qxf8+ Kc7 24. Qf7 Qc1+ 25. Kf2 Qd2+
26. Kg3 Qe3+ 27. Kg4 h5+ 28. Kh4 Qd4+ 29. Kg5 Qg4+ 30. Kh6 h4 31. Qc4+ Bc6
32. Qxg4 {Black resigns} 1-0

[Event "GambitGuide"]
[Site "Internet Chess Club"]
[Date "2014.10.31"]
[Round "1"]
[White "JSBach"]
[Black "BFavre"]
[Result "1-0"]
[ICCResult "Black resigns"]
[WhiteElo "1602"]
[BlackElo "1564"]
[Opening "Vienna: `Frankenstein-Dracula' variation"]
[ECO "C27"]
[NIC "VG.02"]
[Time "12:42:57"]
[TimeControl "120+12"]

1. e4 e5 2. Nc3 Nf6 3. Bc4 Nxe4 4. Qh5 Nd6 5. Bb3 Nc6 6. Nb5 g6 7. Qf3 f5 8.
Qd5 Qe7 9. Nxc7+ Kd8 10. Nxa8 b6 11. d3 Bb7 12. Nxb6 axb6 13. Qf3 e4 14.
dxe4 Nxe4 15. Be3 Na5 16. Bxb6+ {Black resigns} 1-0

[Event "GambitGuide"]
[Site "Internet Chess Club"]
[Date "2014.10.31"]
[Round "1"]
[White "JSBach"]
[Black "lebko"]
[Result "1-0"]
[ICCResult "Black resigns"]
[WhiteElo "1602"]
[BlackElo "1864"]
[Opening "Vienna: `Frankenstein-Dracula' variation"]
[ECO "C27"]
[NIC "VG.02"]
[Time "12:42:31"]
[TimeControl "120+12"]

1. e4 e5 2. Nc3 Nf6 3. Bc4 Nxe4 4. Qh5 Nd6 5. Bb3 Nc6 6. Nb5 g6 7. Qf3 f5 8.
Qd5 Qe7 9. Nxc7+ Kd8 10. Nxa8 b6 11. d3 Bb7 12. Nxb6 axb6 13. Qf3 Nd4 14.
Qg3 Bg7 15. Bg5 Bf6 16. Bxf6 Qxf6 17. Ba4 e4 18. dxe4 Nxe4 19. Qb8+ Bc8 20.
c3 Nc6 21. Qxb6+ Ke8 22. Rd1 Qe6 23. Bb3 Qe7 24. Ne2 Rf8 25. Bd5 Rf6 26. Qc7
Rd6 27. Qxc8+ {Black resigns} 1-0

[Event "GambitGuide"]
[Site "Internet Chess Club"]
[Date "2014.10.31"]
[Round "1"]
[White "JSBach"]
[Black "Pdforma"]
[Result "1-0"]
[ICCResult "Black resigns"]
[WhiteElo "1602"]
[BlackElo "1400"]
[Opening "Vienna: `Frankenstein-Dracula' variation"]
[ECO "C27"]
[NIC "VG.02"]
[Time "12:42:14"]
[TimeControl "120+12"]

1. e4 e5 2. Nc3 Nf6 3. Bc4 Nxe4 4. Qh5 Nd6 5. Bb3 Nc6 6. Nb5 g6 7. Qf3 f5 8.
Qd5 Qe7 9. Nxc7+ Kd8 10. Nxa8 b6 11. d3 Bb7 12. Nxb6 axb6 13. Qf3 Nb5 14.
Qd5 Nbd4 15. Nf3 Nxf3+ 16. Qxf3 d6 17. Be3 f4 18. Bxb6+ Kc8 19. Bd5 Nd4 20.
Bxb7+ Kb8 21. Bxd4 exd4+ 22. Be4 d5 23. Qxf4+ Kb7 24. Rd1 dxe4 25. Qxe4+
Qxe4+ 26. dxe4 Bb4+ 27. Kf1 Bc5 28. a4 Re8 29. f3 Ra8 30. b3 Rc8 31. Ke2 Bb6
32. Rc1 Rc3 33. b4 Re3+ 34. Kf2 Rc3 35. a5 Ba7 36. Ke2 Re3+ 37. Kd2 Ka6 38.
c3 dxc3+ 39. Rxc3 Rxc3 40. Kxc3 Kb5 41. e5 Kc6 42. Rd1 Kb5 43. Rd7 Bg1 44.
e6 Bxh2 45. e7 {Black resigns} 1-0

[Event "GambitGuide"]
[Site "Internet Chess Club"]
[Date "2014.10.31"]
[Round "1"]
[White "JSBach"]
[Black "nsideurheadbro"]
[Result "1-0"]
[ICCResult "Black resigns"]
[WhiteElo "1602"]
[BlackElo "1184"]
[Opening "Vienna: `Frankenstein-Dracula' variation"]
[ECO "C27"]
[NIC "VG.02"]
[Time "12:43:16"]
[TimeControl "120+12"]

1. e4 e5 2. Nc3 Nf6 3. Bc4 Nxe4 4. Qh5 Nd6 5. Bb3 Nc6 6. Nb5 g6 7. Qf3 f5 8.
Qd5 Qe7 9. Nxc7+ Kd8 10. Nxa8 b6 11. d3 Bb7 12. Nxb6 axb6 13. Qf3 f4 14. Bd2
h6 15. Qg4 e4 16. Qxg6 e3 17. Bc3 Rh7 18. Bf6 {Black resigns} 1-0

[Event "GambitGuide"]
[Site "Internet Chess Club"]
[Date "2014.10.31"]
[Round "1"]
[White "JSBach"]
[Black "lebko"]
[Result "1-0"]
[ICCResult "Black resigns"]
[WhiteElo "1602"]
[BlackElo "1864"]
[Opening "Vienna: `Frankenstein-Dracula' variation"]
[ECO "C27"]
[NIC "VG.02"]
[Time "12:43:36"]
[TimeControl "120+12"]

1. e4 e5 2. Nc3 Nf6 3. Bc4 Nxe4 4. Qh5 Nd6 5. Bb3 Nc6 6. Nb5 g6 7. Qf3 f5 8.
Qd5 Qe7 9. Nxc7+ Kd8 10. Nxa8 b6 11. d3 Bb7 12. Nxb6 axb6 13. Qf3 Nd4 14.
Qg3 Bg7 15. Bg5 Bf6 16. Bxf6 Qxf6 17. Ba4 g5 18. c3 Ne6 19. d4 f4 20. Qg4
exd4 21. O-O-O Nc5 22. Rxd4 Nxa4 23. Rxa4 Bc6 24. Rd4 Kc7 25. h4 f3 26. Nxf3
Bxf3 27. gxf3 Rg8 28. Rhd1 Nb5 29. Qxd7+ {Black resigns} 1-0

[Event "GambitGuide"]
[Site "Internet Chess Club"]
[Date "2014.10.31"]
[Round "1"]
[White "JSBach"]
[Black "Pdforma"]
[Result "1-0"]
[ICCResult "Black checkmated"]
[WhiteElo "1602"]
[BlackElo "1400"]
[Opening "Vienna: `Frankenstein-Dracula' variation"]
[ECO "C27"]
[NIC "VG.02"]
[Time "12:44:13"]
[TimeControl "120+12"]

1. e4 e5 2. Nc3 Nf6 3. Bc4 Nxe4 4. Qh5 Nd6 5. Bb3 Nc6 6. Nb5 g6 7. Qf3 f5 8.
Qd5 Qe7 9. Nxc7+ Kd8 10. Nxa8 b6 11. d3 e4 12. dxe4 Nxe4 13. Be3 Qb4+ 14. c3
Nxc3 15. Qd2 Qe4 16. f3 Qh4+ 17. g3 Qf6 18. Bg5 Qxg5 19. Qxg5+ Ke8 20. Nc7#
{Black checkmated}
1-0

[Event "GambitGuide"]
[Site "Internet Chess Club"]
[Date "2014.10.31"]
[Round "1"]
[White "JSBach"]
[Black "lebko"]
[Result "1-0"]
[ICCResult "Black resigns"]
[WhiteElo "1602"]
[BlackElo "1864"]
[Opening "Vienna: `Frankenstein-Dracula' variation"]
[ECO "C27"]
[NIC "VG.02"]
[Time "12:45:02"]
[TimeControl "120+12"]

1. e4 e5 2. Nc3 Nf6 3. Bc4 Nxe4 4. Qh5 Nd6 5. Bb3 Nc6 6. Nb5 g6 7. Qf3 f5 8.
Qd5 Qe7 9. Nxc7+ Kd8 10. Nxa8 b6 11. d3 Bb7 12. Nxb6 axb6 13. Qf3 Nd4 14.
Qg3 Kc7 15. Bg5 Qe8 16. Bf6 {Black resigns} 1-0

[Event "GambitGuide"]
[Site "Internet Chess Club"]
[Date "2014.10.31"]
[Round "1"]
[White "JSBach"]
[Black "robbe"]
[Result "1-0"]
[ICCResult "Black checkmated"]
[WhiteElo "1602"]
[BlackElo "1327"]
[Opening "Vienna: `Frankenstein-Dracula' variation"]
[ECO "C27"]
[NIC "VG.02"]
[Time "12:42:56"]
[TimeControl "120+12"]

1. e4 e5 2. Nc3 Nf6 3. Bc4 Nxe4 4. Qh5 Nd6 5. Bb3 Nc6 6. Nb5 g6 7. Qf3 f5 8.
Qd5 Qe7 9. Nxc7+ Kd8 10. Nxa8 b6 11. d3 Bb7 12. Nxb6 axb6 13. Qf3 Bg7 14. c3
Kc7 15. Bd5 Re8 16. Qh3 e4 17. d4 Nxd4 18. cxd4 Bxd4 19. Bxb7 Nxb7 20. Bf4+
Kc8 21. Rc1+ Nc5 22. b4 g5 23. bxc5 gxf4 24. cxb6+ Kb7 25. Qxf5 e3 26. Qd5+
Kxb6 27. Qxd4+ Kb7 28. Rb1+ Kc8 29. Qc4+ Kd8 30. Rb8# {Black checkmated} 1-0

[Event "GambitGuide"]
[Site "Internet Chess Club"]
[Date "2014.10.31"]
[Round "1"]
[White "JSBach"]
[Black "Pdforma"]
[Result "1-0"]
[ICCResult "Black checkmated"]
[WhiteElo "1602"]
[BlackElo "1400"]
[Opening "Vienna: `Frankenstein-Dracula' variation"]
[ECO "C27"]
[NIC "VG.02"]
[Time "12:45:18"]
[TimeControl "120+12"]

1. e4 e5 2. Nc3 Nf6 3. Bc4 Nxe4 4. Qh5 Nd6 5. Bb3 Nc6 6. Nb5 g6 7. Qf3 f5 8.
Qd5 Qe7 9. Nxc7+ Kd8 10. Nxa8 b6 11. d3 e4 12. dxe4 Nxe4 13. Be3 Qb4+ 14. c3
Nxc3 15. Qd2 Qg4 16. Bg5+ Ke8 17. Nc7# {Black checkmated} 1-0

[Event "GambitGuide"]
[Site "Internet Chess Club"]
[Date "2014.10.31"]
[Round "1"]
[White "JSBach"]
[Black "nsideurheadbro"]
[Result "1-0"]
[ICCResult "Black resigns"]
[WhiteElo "1602"]
[BlackElo "1184"]
[Opening "Vienna: `Frankenstein-Dracula' variation"]
[ECO "C27"]
[NIC "VG.02"]
[Time "12:44:49"]
[TimeControl "120+12"]

1. e4 e5 2. Nc3 Nf6 3. Bc4 Nxe4 4. Qh5 Nd6 5. Bb3 Nc6 6. Nb5 g6 7. Qf3 f5 8.
Qd5 Qe7 9. Nxc7+ Kd8 10. Nxa8 b6 11. d3 Bb7 12. Nxb6 axb6 13. Qf3 f4 14. Bd2
Nd4 15. Qg4 e4 16. Kf1 e3 17. Bxe3 fxe3 18. Qxd4 exf2 19. Qxh8 fxg1=Q+ 20.
Rxg1 Nf5 21. Re1 Qc5 22. g4 Ne3+ 23. Rxe3 Qxe3 24. Qxf8+ Kc7 25. Qf2 Qc1+
26. Ke2 {Black resigns} 1-0

[Event "GambitGuide"]
[Site "Internet Chess Club"]
[Date "2014.10.31"]
[Round "1"]
[White "JSBach"]
[Black "BFavre"]
[Result "1-0"]
[ICCResult "Black resigns"]
[WhiteElo "1602"]
[BlackElo "1564"]
[Opening "Vienna: `Frankenstein-Dracula' variation"]
[ECO "C27"]
[NIC "VG.02"]
[Time "12:44:22"]
[TimeControl "120+12"]

1. e4 e5 2. Nc3 Nf6 3. Bc4 Nxe4 4. Qh5 Nd6 5. Bb3 Nc6 6. Nb5 g6 7. Qf3 f5 8.
Qd5 Qe7 9. Nxc7+ Kd8 10. Nxa8 b6 11. d3 Bb7 12. Nxb6 axb6 13. Qf3 e4 14. Qe3
Kc7 15. dxe4 fxe4 16. c4 h5 17. c5 bxc5 18. Qxc5 Bh6 19. Bxh6 Rxh6 20. Rc1
g5 21. Nh3 Rg6 22. O-O Kb8 23. Bd1 g4 24. Qxh5 gxh3 25. Qxg6 hxg2 26. Qxg2
Ne5 27. Re1 Qf6 28. a4 Nf3+ 29. Bxf3 exf3 30. Qg4 Nf5 31. Rcd1 Nh6 32. Re8+
Ka7 33. Qd4+ Qxd4 34. Rxd4 {Black resigns} 1-0

[Event "GambitGuide"]
[Site "Internet Chess Club"]
[Date "2014.10.31"]
[Round "1"]
[White "JSBach"]
[Black "lebko"]
[Result "1-0"]
[ICCResult "Black resigns"]
[WhiteElo "1602"]
[BlackElo "1864"]
[Opening "Vienna: `Frankenstein-Dracula' variation"]
[ECO "C27"]
[NIC "VG.02"]
[Time "12:45:25"]
[TimeControl "120+12"]

1. e4 e5 2. Nc3 Nf6 3. Bc4 Nxe4 4. Qh5 Nd6 5. Bb3 Nc6 6. Nb5 g6 7. Qf3 f5 8.
Qd5 Qe7 9. Nxc7+ Kd8 10. Nxa8 b6 11. d3 Bb7 12. Nxb6 axb6 13. Qf3 e4 14.
dxe4 Nxe4 15. Be3 Nd4 16. Bxd4 Ng5+ 17. Qe3 Qxe3+ 18. Bxe3 Bxg2 19. Bxb6+
Kc8 20. Bd4 Bxh1 21. Bxh8 Bc5 22. a4 Ne4 23. Ke2 Bxf2 24. Nh3 {Black
resigns} 1-0

[Event "GambitGuide"]
[Site "Internet Chess Club"]
[Date "2014.10.31"]
[Round "1"]
[White "JSBach"]
[Black "Pdforma"]
[Result "1-0"]
[ICCResult "Black resigns"]
[WhiteElo "1602"]
[BlackElo "1400"]
[Opening "Vienna: `Frankenstein-Dracula' variation"]
[ECO "C27"]
[NIC "VG.02"]
[Time "12:46:00"]
[TimeControl "120+12"]

1. e4 e5 2. Nc3 Nf6 3. Bc4 Nxe4 4. Qh5 Nd6 5. Bb3 Nc6 6. Nb5 g6 7. Qf3 f5 8.
Qd5 Qe7 9. Nxc7+ Kd8 10. Nxa8 b6 11. d3 Bb7 12. Nxb6 axb6 13. Qf3 e4 14.
dxe4 Nxe4 15. Be3 Qb4+ 16. c3 Nxc3 17. Bg5+ Kc8 18. bxc3 Qa3 19. Bd5 Bg7 20.
Ne2 Qb2 21. Rd1 Re8 22. Kf1 Qc2 23. Rc1 Qb2 24. Rd1 Rxe2 25. Qxe2 Ba6 26.
Qxa6+ Kc7 27. Bxc6 dxc6 28. Bf4+ {Black resigns} 1-0

[Event "GambitGuide"]
[Site "Internet Chess Club"]
[Date "2014.10.31"]
[Round "1"]
[White "JSBach"]
[Black "baggieboy"]
[Result "1-0"]
[ICCResult "Black checkmated"]
[WhiteElo "1602"]
[BlackElo "1255"]
[Opening "Vienna: `Frankenstein-Dracula' variation"]
[ECO "C27"]
[NIC "VG.02"]
[Time "12:45:52"]
[TimeControl "120+12"]

1. e4 e5 2. Nc3 Nf6 3. Bc4 Nxe4 4. Qh5 Nd6 5. Bb3 Nc6 6. Nb5 g6 7. Qf3 f5 8.
Qd5 Qe7 9. Nxc7+ Kd8 10. Nxa8 b6 11. d3 Bb7 12. Nxb6 axb6 13. Qf3 Bg7 14.
Qg3 e4 15. Bg5 Bf6 16. Bxf6 Qxf6 17. Rd1 exd3 18. Qxd3 Re8+ 19. Ne2 Qe7 20.
O-O Ne4 21. Rfe1 Ne5 22. Qe3 Qh4 23. Qxb6+ Ke7 24. f4 Ng4 25. Qb4+ d6 26.
Qxb7+ Kf6 27. Qf7# {Black checkmated} 1-0

[Event "GambitGuide"]
[Site "Internet Chess Club"]
[Date "2014.10.31"]
[Round "1"]
[White "JSBach"]
[Black "Pdforma"]
[Result "1-0"]
[ICCResult "Black resigns"]
[WhiteElo "1602"]
[BlackElo "1400"]
[Opening "Vienna: `Frankenstein-Dracula' variation"]
[ECO "C27"]
[NIC "VG.02"]
[Time "12:47:33"]
[TimeControl "120+12"]

1. e4 e5 2. Nc3 Nf6 3. Bc4 Nxe4 4. Qh5 Nd6 5. Bb3 Nc6 6. Nb5 g6 7. Qf3 f5 8.
Qd5 Qe7 9. Nxc7+ Kd8 10. Nxa8 b6 11. d3 e4 12. dxe4 Nxe4 13. Be3 Bb7 14.
Nxb6 axb6 15. Bxb6+ Kc8 16. Be3 Qb4+ 17. c3 Qe7 18. Rd1 Nb4 19. Qd4 Nxf2 20.
Kxf2 Nd3+ 21. Qxd3 Qh4+ 22. g3 {Black resigns} 1-0

[Event "GambitGuide"]
[Site "Internet Chess Club"]
[Date "2014.10.31"]
[Round "1"]
[White "JSBach"]
[Black "Fondeo"]
[Result "0-1"]
[ICCResult "White checkmated"]
[WhiteElo "1602"]
[BlackElo "2057"]
[Opening "Vienna: `Frankenstein-Dracula' variation"]
[ECO "C27"]
[NIC "VG.02"]
[Time "12:45:45"]
[TimeControl "120+12"]

1. e4 e5 2. Nc3 Nf6 3. Bc4 Nxe4 4. Qh5 Nd6 5. Bb3 Nc6 6. Nb5 g6 7. Qf3 f5 8.
Qd5 Qe7 9. Nxc7+ Kd8 10. Nxa8 b6 11. d3 Bb7 12. Nxb6 axb6 13. Qf3 Nd4 14.
Qh3 Bg7 15. Be3 f4 16. Bxd4 exd4+ 17. Kf1 g5 18. Re1 Qf6 19. Ba4 Nf5 20. Nf3
h5 21. Bxd7 g4 22. Re6 gxh3 23. Rxf6 Bxf6 24. Bxf5 hxg2+ 25. Kxg2 Rg8+ 26.
Kh3 Bxf3 27. Be4 Bxh1 28. Bxh1 Rg1 29. Bf3 h4 30. Bd5 Ke7 31. a4 Kd6 32. Bf7
Rc1 33. Bb3 Rb1 34. Kg4 Rxb2 35. Kxf4 Rb1 36. Kf5 Be5 37. Kg5 h3 38. f4 Rh1
39. fxe5+ Kxe5 40. Bc4 Rxh2 41. Kg4 Rxc2 42. Ba6 h2 43. Bb7 Rd2 44. Kg3
Rxd3+ 45. Kxh2 Re3 46. Kg1 d3 47. Kf2 Kd4 48. Bf3 d2 49. Be2 Re5 50. Kf1 Kc3
51. Bf3 Re1+ 52. Kf2 d1=Q 53. Bxd1 Rxd1 54. Ke2 Rd4 55. Kf2 Kb4 56. Kg3 Kxa4
57. Kf2 Kb4 58. Ke2 Kc3 59. Kf2 b5 60. Ke2 b4 61. Ke3 b3 62. Ke2 b2 63. Kf2
b1=Q 64. Ke3 Qb5 65. Kf3 Qe5 66. Kf2 Rf4+ 67. Kg3 Qg5+ 68. Kh3 Rh4#
{White checkmated}
0-1

[Event "GambitGuide"]
[Site "Internet Chess Club"]
[Date "2014.10.31"]
[Round "1"]
[White "JSBach"]
[Black "Heian"]
[Result "1-0"]
[ICCResult "Black resigns"]
[WhiteElo "1602"]
[BlackElo "1562"]
[Opening "Vienna: `Frankenstein-Dracula' variation"]
[ECO "C27"]
[NIC "VG.02"]
[Time "12:46:58"]
[TimeControl "120+12"]

1. e4 e5 2. Nc3 Nf6 3. Bc4 Nxe4 4. Qh5 Nd6 5. Bb3 Nc6 6. Nb5 g6 7. Qf3 f5 8.
Qd5 Qe7 9. Nxc7+ Kd8 10. Nxa8 b6 11. d3 Bb7 12. Nxb6 axb6 13. Qf3 Kc7 14.
Bd2 Nd4 15. Qg3 f4 16. Qg4 Nxb3 17. axb3 Qe6 18. Qxe6 dxe6 19. f3 Nf5 20.
Bc3 Bg7 21. Kf2 Nd4 22. Rc1 g5 23. Nh3 h6 24. Rhe1 Bf6 25. Bxd4 exd4 26.
Rxe6 Rf8 27. Rce1 Rf7 28. R6e2 Bc8 29. Ng1 Bf5 30. Re8 Bd7 31. R8e4 Bf5 32.
R4e2 Bd7 33. g4 Kd6 34. Kg2 Re7 35. Rxe7 Bxe7 36. Kf2 Bf8 37. Nh3 Kd5 38.
c4+ dxc3 39. bxc3 Bc5+ 40. d4 Bd6 41. Ng1 Be6 42. c4+ Kxd4 43. Rxe6 Bc5 44.
Ne2+ Kd3+ 45. Kf1 Kc2 46. b4 Be3 47. c5 bxc5 48. Rxe3 fxe3 49. bxc5
{Black resigns}
1-0

[Event "GambitGuide"]
[Site "Internet Chess Club"]
[Date "2014.10.31"]
[Round "1"]
[White "JSBach"]
[Black "Pdforma"]
[Result "1-0"]
[ICCResult "Black resigns"]
[WhiteElo "1602"]
[BlackElo "1400"]
[Opening "Vienna: `Frankenstein-Dracula' variation"]
[ECO "C27"]
[NIC "VG.02"]
[Time "12:48:31"]
[TimeControl "120+12"]

1. e4 e5 2. Nc3 Nf6 3. Bc4 Nxe4 4. Qh5 Nd6 5. Bb3 Nc6 6. Nb5 g6 7. Qf3 f5 8.
Qd5 Qe7 9. Nxc7+ Kd8 10. Nxa8 b6 11. d3 Bb7 12. Nxb6 axb6 13. Qf3 Na5 14.
Qg3 f4 15. Qg4 Nf5 16. Bd2 Nxb3 17. axb3 Qc5 18. Ra7 Qxc2 19. Rxb7 Qb1+ 20.
Qd1 Qxd3 21. Rxb6 Nd4 22. Rb8+ Kc7 23. Ba5+ Kxb8 24. Qxd3 {Black resigns}
1-0